 Dungeon Crawl Stone Soup version 0.18.1-50-g88ac8fd (webtiles) character file.

58 ololoev the Magician (level 3, -1/19 HPs)
             Began as a Deep Elf Earth Elementalist on Nov 25, 2016.
             Slain by a worker ant (8 damage)
             ... on level 4 of the Dungeon.
             The game lasted 00:03:23 (524 turns).

ololoev the Magician (Deep Elf Earth Elementalist)   Turns: 524, Time: 00:03:24

Health: -1/19      AC:  3    Str:  5    XL:     3   Next: 76%
Magic:  0/11       EV: 13    Int: 23    God:
Gold:   45         SH:  0    Dex: 15    Spells: 2 memorised, 7 levels left

rFire  . . .     SeeInvis .     b - 23 stones
rCold  . . .     Gourm    .     a - +0 robe
rNeg   . . .     Faith    .     (no shield)
rPois  .         Spirit   .     p - +0 helmet
rElec  .         Dismiss  .     (no cloak)
rCorr  .         Reflect  .     (no gloves)
SustAt .         Harm     .     (no boots)
MR     .....                    (no amulet)
Stlth  ++........               (no ring)
                                j - +3 ring of intelligence

@: lethally poisoned (-1 -> -12), very slightly contaminated, not resistant to
hostile enchantments, unstealthy
A: no striking features
a: no special abilities

Inventory:

Missiles
 b - 23 stones (in hand)
Armour
 a - a +0 robe (worn)
 p - a +0 helmet (worn)
Jewellery
 j - a +3 ring of intelligence (left hand)
Wands
 n - a wand of enslavement (4/24)
Scrolls
 e - a scroll of fog {unknown}
 f - a scroll of remove curse {unknown}
 g - a scroll of enchant armour {unknown}
 k - a scroll of noise {unknown}
 m - 2 scrolls of identify {unknown}
 o - a scroll of amnesia {unknown}
Potions
 h - a potion of degeneration {unknown}
 l - a potion of brilliance {unknown}
Books
 c - a book of Geomancy

   Spells                             Type                      Level
   a - Sandblast                      Earth                        1
   b - Passwall                       Transmutation/Earth          2
   c - Stone Arrow                    Conjuration/Earth            3
   d - Petrify                        Transmutation/Earth          4
   e - Lee's Rapid Deconstruction     Earth                        5
Comestibles
 d - 2 bread rations
 i - 4 chunks of flesh


   Skills:
 - Level 2.4 Dodging
 - Level 2.4 Stealth
 * Level 4.7 Spellcasting
 + Level 0.9 Conjurations
   Level 1.1 Transmutations
 + Level 4.0 Earth Magic


You had 7 spell levels left.
You knew the following spells:

 Your Spells              Type           Power        Failure   Level  Hunger
a - Sandblast             Erth           ###...       1%          1    None
b - Stone Arrow           Conj/Erth      ###...       12%         3    ##.....


You were on level 4 of the Dungeon.
You were not hungry.

You visited 1 branch of the dungeon, and saw 4 of its levels.

You collected 45 gold pieces.

#........#
########........##
..................
#..........#
##..##....###
#..####..## ##.##
##..## #.##..#
#....######. #..@.#
#.##....#...
##.a####.#
##....... #...###..
#...#### #.......##
#..####.
..##..#..##
##.##..# ..# .?
#..###.....## ..#
##.# ##........##
..#
##.#####........#
.##........###....#

Notes
Turn   | Place    | Note
--------------------------------------------------------------
     0 | D:1      | ololoev the Deep Elf Earth Elementalist began the quest for the Orb.
     0 | D:1      | Reached XP level 1. HP: 10/10 MP: 6/6
    87 | D:1      | Reached XP level 2. HP: 14/15 MP: 1/8
   385 | D:3      | Reached XP level 3. HP: 19/19 MP: 7/10
   390 | D:3      | Learned a level 3 spell: Stone Arrow
   524 | D:4      | Slain by a worker ant

Dungeon Overview and Level Annotations

Branches:
Dungeon (4/15)
 Temple: D:4-7

Altars:


Message History

Press: ? - help, Shift-Dir - straight line, f - giant gecko
Aim: a giant gecko (clinging)
You miscast Stone Arrow.
You are very lightly contaminated with residual magic.
You feel earthy.
Casting: Stone Arrow
Confirm with . or Enter, or press ? or * to list all spells.
Aiming: Stone Arrow
Press: ? - help, Shift-Dir - straight line, f/p - giant gecko
Aim: a giant gecko (clinging)
The stone arrow hits the giant gecko.
You kill the giant gecko!
b - 29 stones (gained 23)
Found a helmet.
Some of the chunks of flesh in your inventory have rotted away.
Your magical contamination has completely faded away.
A worker ant comes into view.
Found a scroll labeled QOASIE TIBY.
You see here a helmet.
p - a helmet Wear which item? (? for menu, Esc to quit)
You start putting on your armour.
You continue putting on your helmet. x4
You finish putting on your +0 helmet.
The worker ant twitches its antennae in your direction.
Casting: Stone Arrow
Confirm with . or Enter, or press ? or * to list all spells.
Aiming: Stone Arrow
Press: ? - help, Shift-Dir - straight line, f - worker ant
Aim: a worker ant You miscast Stone Arrow.
You are very lightly contaminated with residual magic.
You are momentarily dazzled by a flash of light!
Casting: Stone Arrow
Confirm with . or Enter, or press ? or * to list all spells.
Aiming: Sandblast
Press: ? - help, Shift-Dir - straight line, f/p - worker ant
Aim: a worker ant The rocky blast misses the worker ant.
Casting: Sandblast
Confirm with . or Enter, or press ? or * to list all spells.
Aiming: Sandblast
Press: ? - help, Shift-Dir - straight line, f/p - worker ant
Aim: a worker ant The rocky blast hits the worker ant.
The worker ant is heavily wounded.
The worker ant bites you.
You are lethally poisoned!
The worker ant poisons you!
Casting: Sandblast
Confirm with . or Enter, or press ? or * to list all spells.
Aiming: Sandblast
Press: ? - help, Shift-Dir - straight line, f/p - worker ant
Aim: a worker ant (heavily wounded)
The rocky blast misses the worker ant.
You feel sick. The worker ant barely misses you.
Casting: Sandblast
Confirm with . or Enter, or press ? or * to list all spells.
Aiming: Sandblast
Press: ? - help, Shift-Dir - straight line, f/p - worker ant
Aim: a worker ant (heavily wounded)
The rocky blast hits the worker ant.
The worker ant is severely wounded.
You feel sick. The worker ant closely misses you.
Casting: Sandblast
Confirm with . or Enter, or press ? or * to list all spells.
Aiming: Sandblast
Press: ? - help, Shift-Dir - straight line, f/p - worker ant
Aim: a worker ant (severely wounded)
The rocky blast hits the worker ant.
The worker ant is severely wounded.
You feel sick. The worker ant barely misses you.
Casting: Sandblast
Confirm with . or Enter, or press ? or * to list all spells.
Aiming: Sandblast
Press: ? - help, Shift-Dir - straight line, f/p - worker ant
Aim: a worker ant (severely wounded)
The rocky blast hits the worker ant.
The worker ant is severely wounded.
The worker ant barely misses you. The worker ant bites you!
You die...

You could see a worker ant.

Vanquished Creatures
  An iguana (D:4)
  An adder (D:3)
  2 giant geckos
  An orc (D:4)
  2 ball pythons
  4 bats (D:1)
  A giant cockroach (D:4)
  4 goblins
  2 hobgoblins
  A giant newt (D:2)
  2 rats (D:1)
21 creatures vanquished.

Action                   || total
-------------------------++-------
Melee: Unarmed           ||     1
 Cast: Sandblast         ||    39
       Stone Arrow       ||     1
Armor: Robe              ||     4
Dodge: Dodged            ||    21

Vault maps used:
D:1:      scummos_arrival_gate, item_on_display_a
D:2:      lemuel_crystal_altar, first_bread, fountainhead
D:3:      nicolae_overflow_hidden_temple, nicolae_ru_awakened_eye
D:4:      grunt_temple_overflow_champion_of_chaos, minitemple
